[Event "Late-Titled-Tuesday-Blitz-May-07-2024"]
[Site "Chess.com"]
[Date "2024.05.07"]
[Round "10"]
[White "gabduschew"]
[Black "Assumpcaos"]
[Result "0-1"]
[WhiteElo "2408"]
[BlackElo "2244"]
[TimeControl "180+1"]
[EndTime "15:56:23 PDT"]
[Termination "Assumpcaos won by resignation"]

1. e4 c5 2. Nf3 d6 3. d4 cxd4 4.
Nxd4 Nf6 5. Bd3 Nc6 6. Nxc6 bxc6 7. c4 c5 8. Nc3 g6 9. O-O Bg7 10. Rb1 O-O 11. b3 Bd7 12. Bb2 Ng4 13. h3 Nf6 14. f4 Nh5 15. f5 e6 16. Qc2 Bd4+ 17. Kh2 Qh4 18. Ne2 exf5 19. exf5 Bxb2 20. Rxb2 Rae8 21. Qd2 Re5 22. g3 Qe7 23. Nf4 Nxf4 24. Qxf4 Bxf5 25. Bxf5 Rxf5 26. Qc1 Rxf1 27. Qxf1 Re8 28.
Rd2 Qe5 29. h4 h5 30. Qf3 Re6 31. Rf2 Re7 32. Rd2 Qe6 33. Qd5 Qxd5 34. cxd5 Re3 35. Kg2 Kf8 36. Kf2 Rc3 37. Re2 Rd3 38. Re4 Rxd5 39.
Ke2 Re5 0-1

[Event "Late-Titled-Tuesday-Blitz-May-07-2024"]
[Site "Chess.com"]
[Date "2024.05.07"]
[Round "10"]
[White "remyrushbrooke"]
[Black "duone"]
[Result "1-0"]
[WhiteElo "2329"]
[BlackElo "2417"]
[TimeControl "180+1"]
[EndTime "15:56:24 PDT"]
[Termination "remyrushbrooke won by resignation"]

1. d4 Nf6 2. Nc3 d5 3. Bg5 c6 4. e3 Bf5 5. Bxf6 exf6 6. Bd3 Bxd3 7. Qxd3 Bd6 8. Nge2 O-O 9. O-O-O Nd7 10. g4 b5 11.
Ng3 b4 12. Nce2 Qa5 13. Kb1 Nb6 14. Nf5 Nc4 15. Neg3 g6 16. Nxd6 Nxd6 17. h4 Qb5 18. h5 Qxd3 19. cxd3 Rfc8 20. Rc1 a5 21. Rc5 Nb7 22. Rc2 Rc7 23. Rhc1 Rac8 24. e4 dxe4 25. Nxe4 Kg7 26. d5 c5 27. f4 f5 28. gxf5 gxf5 29. Rg2+ Kh6 30. Nf6 c4 31. dxc4 Nd6 32. b3 a4 33. Rcg1 axb3 34. axb3 Ne4 35. Ng8+ Rxg8 36. Rxg8 Nc3+ 37. Kb2 Ra7 38. Ra1 Re7 39. Rg2 Ne4 40. Rc1 Rc7 41. Rgc2 Nc5 42. Rd1 Rd7 43. d6 Kxh5 44.
Rd5 Ne4 45. Rxf5+ Kg6 46. Rd5 Kf6 47. c5 Ke6 48. Re5+ Kf6 49. c6 h6 50. cxd7 1-0

[Event "Late-Titled-Tuesday-Blitz-May-07-2024"]
[Site "Chess.com"]
[Date "2024.05.07"]
[Round "10"]
[White "PapaieDudu"]
[Black "Ajedrez_con_German"]
[Result "1-0"]
[WhiteElo "2375"]
[BlackElo "2552"]
[TimeControl "180+1"]
[EndTime "15:56:25 PDT"]
[Termination "PapaieDudu won on time"]

1. Nf3 e6 2. d4 Nf6 3. c4 d5 4. Nc3 Be7 5. Bg5 O-O 6. e3 h6 7.
Bxf6 Bxf6 8. Bd3 dxc4 9. Bxc4 a6 10. O-O b5 11. Bb3 Bb7 12. Qc2 Nd7 13. e4 c5 14. e5 Be7 15. dxc5 Bxf3 16. gxf3 Nxe5 17. Qe4 Qd4 18. Bc2 f5 19. Qe2 Qf4 20. Bb3 Nxf3+ 21. Kg2 Qxh2+ 22. Kxf3 Qh3+ 23. Kf4 g5+ 24. Ke5 Bf6+ 25.
Kxe6 Kg7 26. Kd7 Rf7+ 27. Bxf7 Kxf7 28. Qe6+ Kg6 29. Nd5 Rd8+ 30. Kc6 Rf8 31. Ne7+ Kg7 32. Nxf5+ Kh7 33. Qd7+ Kg8 34. Ne7+ 1-0

[Event "Late-Titled-Tuesday-Blitz-May-07-2024"]
[Site "Chess.com"]
[Date "2024.05.07"]
[Round "10"]
[White "szachmistrz2500"]
[Black "karinachess1"]
[Result "0-1"]
[WhiteElo "2467"]
[BlackElo "2597"]
[TimeControl "180+1"]
[EndTime "15:56:27 PDT"]
[Termination "karinachess1 won by resignation"]

1. d4 Nf6 2. c4 e6 3. Nf3 d5 4. g3 dxc4 5. Bg2 Nc6 6. O-O Rb8 7. a4 a6 8. Nc3 Bb4 9. Bg5 h6 10. Bf4 Nd5 11. Bd2 Bxc3 12. bxc3 b5 13. e4 Nf6 14. axb5 axb5 15. Qe2 O-O 16. Rfb1 Bd7 17. Ne1 e5 18. d5 Ne7 19. Nc2 Re8 20.
Nb4 Nc8 21. Na6 Ra8 22. Nc5 Nd6 23. Qf3 Bg4 24. Qe3 Qc8 25. Qe1 c6 26. Rxa8 Qxa8 27. Ra1 Qc8 28. Be3 cxd5 29. exd5 Bh3 30. Ra6 Bxg2 31.
Kxg2 Nde4 32. Nxe4 Qxa6 33. Nxf6+ Qxf6 34. Bc5 e4 35. Qe3 Qf5 36. d6 Rd8 37. Bb4 Rd7 38. Bc5 h5 39. h4 f6 40. Bb4 Kf7 41. Bc5 Ke6 42. Bb4 Qf3+ 43. Qxf3 exf3+ 44. Kxf3 Rxd6 0-1

[Event "Late-Titled-Tuesday-Blitz-May-07-2024"]
[Site "Chess.com"]
[Date "2024.05.07"]
[Round "10"]
[White "grzechu96"]
[Black "jk13"]
[Result "1-0"]
[WhiteElo "2791"]
[BlackElo "2635"]
[TimeControl "180+1"]
[EndTime "15:56:29 PDT"]
[Termination "grzechu96 won by resignation"]

1. e4 e5 2. Nf3 Nc6 3. Bc4 Bc5 4. O-O Nf6 5. d3 O-O 6. h3 h6 7. c3 d6 8. Bb3 a6 9. Re1 Ba7 10.
Nbd2 Ne7 11. Nf1 Ng6 12. Ng3 Re8 13. d4 Be6 14. Bc2 c6 15. Be3 Qc7 16. Qd2 Kh7 17.
a4 Rad8 18. Rad1 b5 19. Qc1 c5 20. d5 Bc8 21. c4 Bd7 22. axb5 axb5 23. cxb5 Rb8 24. Bd3 Rec8 25. Bc4 Bb6 26. Nf5 Ng8 27. Bd2 Ba5 28. Bxa5 Qxa5 29. Nxd6 Rf8 30. Bf1 Qc7 31. Nc4 Bxb5 32. d6 Qb7 33. Nfxe5 Nxe5 34. Nxe5 Bxf1 35.
Kxf1 Nf6 36. Qc2 Rfe8 37. Nc4 Kg8 38. e5 Nd7 39. Kg1 Qc6 40. f4 Rb4 41. f5 Qb5 42. b3 Nf8 43. Re3 Qb7 44. Rde1 Qd7 45. Qd3 Rb7 46. e6 fxe6 47. fxe6 Rxe6 48. Qd5 Kf7 49. Ne5+ 1-0

[Event "Late-Titled-Tuesday-Blitz-May-07-2024"]
[Site "Chess.com"]
[Date "2024.05.07"]
[Round "10"]
[White "PawnEatingZombie"]
[Black "1g60-1"]
[Result "1/2-1/2"]
[WhiteElo "2272"]
[BlackElo "2419"]
[TimeControl "180+1"]
[EndTime "15:56:29 PDT"]
[Termination "Game drawn by repetition"]

1. e4 e6 2. d4 d5 3. exd5 exd5 4. Bf4 c6 5. Qd2 Nf6 6. Nc3 Bb4 7. f3 O-O 8. O-O-O Qa5 9. Nge2 b5 10. g4 Nbd7 11. h4 Nb6 12. Qd3 Nc4 13. Kb1 Re8 14. Bc1 Bf8 15. Ng3 b4 16. Nce2 Ba6 17. Qf5 Re7 18. g5 Nd7 19. h5 Rb8 20. g6 Nf6 21. gxh7+ Nxh7 22. Rg1 Kh8 23. Nf4 Nd6 24. Qh3 Bxf1 25. Rdxf1 Nc4 26. Ng6+ Kg8 27. Nxe7+ Bxe7 28. Nf5 Bf6 29.
Nxg7 Na3+ 30. Ka1 Nxc2+ 31. Kb1 Na3+ 32. Ka1 Nc2+ 33. Kb1 Na3+ 34. Ka1 Nc2+ 1/2-1/2

[Event "Late-Titled-Tuesday-Blitz-May-07-2024"]
[Site "Chess.com"]
[Date "2024.05.07"]
[Round "10"]
[White "Akhayan"]
[Black "nitpicker"]
[Result "1-0"]
[WhiteElo "2427"]
[BlackElo "2283"]
[TimeControl "180+1"]
[EndTime "15:56:30 PDT"]
[Termination "Akhayan won on time"]

1. e4 c5 2. Nf3 Nc6 3. Nc3 d6 4. d4 cxd4 5. Nxd4 Nf6 6. Bc4 Qb6 7. Nxc6 bxc6 8. O-O e6 9. Bf4 Qxb2 10. Qd3 Qb8 11. Rab1 Qc7 12. Rfd1 e5 13. Bg5 Be7 14. Bxf6 gxf6 15. Qe2 O-O 16. Rd3 f5 17. Qh5 f4 18.
g4 fxg3 19. Rxg3+ Kh8 20. Qh6 Rg8 21. Rxg8+ Kxg8 22. Kh1 Bg4 23. Rg1 Qd7 24. f3 Kh8 25. Rxg4 Rg8 26. Qh5 Rxg4 27. Qxg4 Qxg4 28. fxg4 Kg7 29.
Kg2 Bg5 30. Kf3 Bf4 31. h4 h6 32. Ne2 Bd2 33. Ba6 d5 34. Bb7 dxe4+ 35. Kxe4 Kf6 36. Bxc6 Be1 37. h5 1-0

[Event "Late-Titled-Tuesday-Blitz-May-07-2024"]
[Site "Chess.com"]
[Date "2024.05.07"]
[Round "10"]
[White "Msb2"]
[Black "FairChess_on_YouTube"]
[Result "1-0"]
[WhiteElo "3052"]
[BlackElo "3071"]
[TimeControl "180+1"]
[EndTime "15:56:31 PDT"]
[Termination "Msb2 won on time"]

1. d4 Nf6 2. c4 d6 3. Nf3 g6 4.
Nc3 Bf5 5. d5 Bg7 6. Nd4 Bd7 7.
e4 c5 8. Nc2 O-O 9. Be2 e6 10.
O-O exd5 11. exd5 Re8 12. Bf4 Na6 13. Rb1 Bf5 14. Bd3 Nh5 15. Be3 Bxd3 16. Qxd3 Nb4 17.
Nxb4 cxb4 18. Nb5 a6 19. Nd4 Qh4 20. g3 Qh3 21. a3 Nf6 22. Nf3 Ng4 23. Bf4 Be5 24. Bd2 Bf6 25. Rfe1 b3 26. Re4 Bg7 27.
Rbe1 Rxe4 28. Rxe4 Bxb2 29. Qxb3 f5 30. Qxb7 fxe4 31.
Qxa8+ Kg7 32. Qb7+ Kg8 33. Qb8+ Kg7 34. Qxb2+ Kg8 35. Qb8+ Kg7 36. Qc7+ Kg8 37. Qd8+ Kg7 38. Bc3+ 1-0

[Event "Late-Titled-Tuesday-Blitz-May-07-2024"]
[Site "Chess.com"]
[Date "2024.05.07"]
[Round "10"]
[White "Magicmaster17"]
[Black "manitodeplomo"]
[Result "1-0"]
[WhiteElo "2878"]
[BlackElo "2591"]
[TimeControl "180+1"]
[EndTime "15:56:31 PDT"]
[Termination "Magicmaster17 won by resignation"]

1. d4 c5 2. d5 g6 3. e4 Bg7 4. Nf3 d6 5. Be2 Nf6 6. Nc3 O-O 7. O-O Na6 8. Re1 Nc7 9. Bf4 Bg4 10. a4 b6 11. Nd2 Bxe2 12. Qxe2 a6 13. h3 Nd7 14. Bg5 h6 15. Bh4 Re8 16. Nc4 b5 17. Nxd6 Rf8 18. axb5 g5 19. Nf5 e6 20. Nxg7 gxh4 21. Nh5 Qg5 22.
bxa6 Kh8 23. Qg4 Nxa6 24. Nf4 Ne5 25. Qxg5 hxg5 26. Nd3 Nxd3 27. cxd3 Nb4 28. Rxa8 Rxa8 29. Rd1 exd5 30. exd5 Rd8 31. d4 c4 32. Ne4 Rxd5 33. Rc1 Rxd4 34. Nxg5 Kg7 35. Nf3 Re4 36. Kf1 Nd3 37.
Rc2 Kf6 38. Rd2 Ke7 39. b3 Nc5 40. bxc4 Rxc4 41. Rd4 Rxd4 42. Nxd4 Kf6 43. Nf3 Ne6 44. Nxh4 Nd4 45. g3 Kg5 46. Kg2 f5 47. Nf3+ Nxf3 48.
Kxf3 1-0

[Event "Late-Titled-Tuesday-Blitz-May-07-2024"]
[Site "Chess.com"]
[Date "2024.05.07"]
[Round "10"]
[White "Denisenko_Denis"]
[Black "Romkachess"]
[Result "0-1"]
[WhiteElo "2420"]
[BlackElo "2618"]
[TimeControl "180+1"]
[EndTime "15:56:31 PDT"]
[Termination "Romkachess won by resignation"]

1. e4 c5 2. Nf3 d6 3. c3 Nf6 4. Be2 g6 5. O-O Bg7 6. Bb5+ Bd7 7. Bxd7+ Qxd7 8. Qe2 O-O 9. d4 cxd4 10. cxd4 d5 11. e5 Ne4 12. Nbd2 Nxd2 13. Bxd2 Nc6 14. Rac1 Rfc8 15. Rfe1 e6 16. h4 Bf8 17. h5 Nb4 18. hxg6 hxg6 19. Bxb4 Bxb4 20. Red1 Rxc1 21. Rxc1 Rc8 22.
Rc2 Be7 23. Qd2 Rc6 24. a3 Qc8 25. Ne1 Rc4 26. b3 Rc6 27. Rxc6 Qxc6 28. b4 Qc4 29. g3 Bd8 30. Qd3 Qc1 31. Kf1 Bb6 32. Ke2 Qb2+ 33.
Nc2 Bxd4 34. Qxd4 Qxc2+ 35. Kf3 Qb3+ 36. Kg4 Qxa3 37. Kg5 Kg7 38. g4 Qh3 39. Kf4 Qh6+ 40. Kf3 b6 41. Qc3 Qh3+ 0-1

[Event "Late-Titled-Tuesday-Blitz-May-07-2024"]
[Site "Chess.com"]
[Date "2024.05.07"]
[Round "10"]
[White "Mariia89"]
[Black "JaackCamel"]
[Result "1-0"]
[WhiteElo "2228"]
[BlackElo "2200"]
[TimeControl "180+1"]
[EndTime "15:56:31 PDT"]
[Termination "Mariia89 won by resignation"]

1. d4 d5 2. c4 e6 3. Nc3 c6 4. e3 Nf6 5. Bd3 Nbd7 6. Nf3 dxc4 7. Bxc4 b5 8. Bd3 a6 9. e4 Bb7 10. e5 Nd5 11. Nxd5 cxd5 12. O-O Be7 13. Bf4 h6 14.
Rc1 Rc8 15. Qe2 O-O 16. Bb1 Re8 17. Qd3 Nf8 18. Qd2 f5 19. exf6 Bxf6 20. Ne5 Bxe5 21. Bxe5 Qg5 22. Bf4 Qf6 23. Rfe1 Rc4 24. Be5 Qf7 25.
Bd3 Rec8 26. Bxc4 dxc4 27. Re3 Ng6 28. Rg3 Ne7 29. Qxh6 Nf5 30. Qf4 Nxg3 31. Qxg3 Bd5 32. h4 Rf8 33. Rc3 Qb7 34. Re3 Rf7 35. h5 Kh7 36. Qg6+ Kg8 37. h6 b4 38. hxg7 Rxg7 39. Bxg7 Qxg7 40. Qe8+ Kh7 41. Rh3+ Qh6 42. Rxh6+ 1-0

[Event "Late-Titled-Tuesday-Blitz-May-07-2024"]
[Site "Chess.com"]
[Date "2024.05.07"]
[Round "10"]
[White "Adar_07"]
[Black "Sinquefield"]
[Result "1-0"]
[WhiteElo "2741"]
[BlackElo "2558"]
[TimeControl "180+1"]
[EndTime "15:56:33 PDT"]
[Termination "Adar_07 won by resignation"]

1. Nf3 Nf6 2. g3 d6 3. Bg2 e5 4. O-O e4 5. Ne1 d5 6. d3 exd3 7. exd3 Be7 8. Bg5 O-O 9. Nc3 c6 10. Nf3 Bg4 11. Re1 Re8 12. Qd2 h6 13. Bh4 Bxf3 14.
Bxf3 g5 15. Bxg5 hxg5 16. Qxg5+ Kh8 17. Re5 Nbd7 18. Rf5 Nh7 19. Qh5 Nf6 20. Qxf7 Qd7 21. Re5 Bd6 22. Rxe8+ Rxe8 23. Qg6 Rg8 24. Qh6 Qf5 25.
Kg2 Rf8 26. Rf1 Rf7 27. Ne2 Bf8 28. Qf4 Qg6 29. Qb8 Ng5 30. Nf4 Qh6 31. Be2 Nd7 32. Qxb7 Bd6 33. h4 Ne6 34. Nh3 Rg7 35. Qxc6 Bxg3 36.
Qc8+ Rg8 37. Qxd7 Be5+ 38. Kh1 Nf4 39. Nxf4 Qxf4 40. Qh3 Rg7 41. Rg1 Rh7 42. Qc8+ 1-0

[Event "Late-Titled-Tuesday-Blitz-May-07-2024"]
[Site "Chess.com"]
[Date "2024.05.07"]
[Round "10"]
[White "MITerryble"]
[Black "Airquake"]
[Result "1-0"]
[WhiteElo "3027"]
[BlackElo "2860"]
[TimeControl "180+1"]
[EndTime "15:56:36 PDT"]
[Termination "MITerryble won on time"]

1. d4 Nf6 2. Bg5 e6 3. e4 d5 4. e5 h6 5. Be3 Nfd7 6. c3 c5 7.
a3 Nc6 8. b4 cxd4 9. cxd4 a6 10. f4 b5 11. Bd3 Nb6 12. Nf3 Nc4 13. Bf2 g6 14. O-O Bg7 15. Nc3 Bb7 16. Qe2 O-O 17.
Nd2 Qb6 18. Nb3 a5 19. Nc5 Rfc8 20. a4 Nxb4 21. Nxb5 Bf8 22. Nxb7 Qxb7 23. Bb1 Nb6 24. g4 Rc4 25. f5 Nxa4 26. Nd6 Bxd6 27. Rxa4 Bf8 28. fxe6 fxe6 29. Bxg6 Qg7 30. Bb1 Be7 31. Kh1 Bg5 32. Bg1 Rf8 33. Rxa5 Rc1 34. Rxc1 Bxc1 35.
Rb5 Nc6 36. Rc5 Nxe5 37. dxe5 Bf4 38. Rc6 Bxe5 39. Rxe6 Bc3 40. Rg6 1-0

[Event "Late-Titled-Tuesday-Blitz-May-07-2024"]
[Site "Chess.com"]
[Date "2024.05.07"]
[Round "10"]
[White "RespectfulDaveOnYouTube"]
[Black "Hilary46"]
[Result "1-0"]
[WhiteElo "2459"]
[BlackElo "2675"]
[TimeControl "180+1"]
[EndTime "15:56:36 PDT"]
[Termination "RespectfulDaveOnYouTube won by checkmate"]

1. e4 e5 2. Nf3 Nc6 3. Bc4 Nf6 4. d3 Be7 5. O-O O-O 6. c3 d6 7. Bb3 Kh8 8. Ng5 Qe8 9. f4 exf4 10. Bxf4 Ng4 11. h3 Bxg5 12. Bxg5 Nge5 13. d4 f6 14. Be3 Ng6 15. Nd2 f5 16. Qh5 f4 17.
Bxf4 Nxf4 18. Rxf4 Bd7 19. Bf7 Qe7 20. Raf1 Be8 21.
Bxe8 Raxe8 22. Rf7 Rxf7 23. Rxf7 Qd8 24. Nf3 h6 25. Qg4 Rg8 26. Nh4 Qc8 27. Rd7 Nb8 28. Ng6+ Kh7 29. Qf5 b6 30. Nf8+ Kh8 31. Qh7# 1-0

[Event "Late-Titled-Tuesday-Blitz-May-07-2024"]
[Site "Chess.com"]
[Date "2024.05.07"]
[Round "10"]
[White "robertoalejandro10"]
[Black "CarlosjPineror"]
[Result "0-1"]
[WhiteElo "2506"]
[BlackElo "2647"]
[TimeControl "180+1"]
[EndTime "15:56:41 PDT"]
[Termination "CarlosjPineror won on time"]

1. Nf3 Nf6 2. c4 g6 3. g3 Bg7 4. Bg2 O-O 5. O-O d6 6. Nc3 c6 7. b3 Qa5 8. Bb2 Qh5 9. h4 h6 10. d4 g5 11. Qe1 Bg4 12. Qd2 Nh7 13. d5 f5 14. Nd1 f4 15. Bxg7 Kxg7 16. Nh2 fxg3 17.
Qd4+ Nf6 18. fxg3 Bxe2 19. Rf2 Bxd1 20. Rxd1 c5 21. Qa1 Nd7 22. Rdf1 gxh4 23. g4 Qe5 24.
Qd1 Qd4 25. Qe2 Ne5 26. Kh1 Nh7 27. Nf3 Nxf3 28. Rxf3 Rae8 29. Rxf8 Nxf8 30. g5 Ng6 31. gxh6+ Kxh6 32. Qe6 Qe5 33. Qd7 Rf8 34. Rxf8 Nxf8 35. Qxb7 Ng6 36. Qc8 Qe1+ 37. Kh2 Qg3+ 38. Kh1 Nf4 39.
Qh8+ Kg6 40. Qg8+ Kf5 41. Qf7+ Ke5 42. Qxe7+ Kd4 43. Qe4+ Kc3 44. Qf3+ Qxf3 45. Bxf3 a5 46. Kh2 Kb2 0-1

[Event "Late-Titled-Tuesday-Blitz-May-07-2024"]
[Site "Chess.com"]
[Date "2024.05.07"]
[Round "10"]
[White "ozates"]
[Black "MyDream003"]
[Result "0-1"]
[WhiteElo "2657"]
[BlackElo "2832"]
[TimeControl "180+1"]
[EndTime "15:56:44 PDT"]
[Termination "MyDream003 won by resignation"]

1. e4 c6 2. d4 d5 3. exd5 cxd5 4. c4 Nf6 5. Nc3 e6 6. a3 Be7 7.
Nf3 O-O 8. Bd3 b6 9. O-O dxc4 10. Bxc4 Bb7 11. Bg5 Nc6 12. Qd3 Rc8 13. Rad1 h6 14. Bh4 Nh5 15. Bxe7 Nxe7 16. Ba2 Nf4 17. Qe3 Nfd5 18.
Nxd5 Nxd5 19. Qe2 Nf6 20. Bb1 Qc7 21. Ne5 Rfd8 22. h3 Qe7 23. Rfe1 Ba8 24. Ng4 Nd5 25. Qd3 f5 26. Ne3 Nf4 27. Qb3 Qg5 28. Bxf5 Bxg2 29. Bxe6+ Kh8 30. Ng4 Bxh3 31. Re5 Qg6 32.
Bf5 Qc6 33. Qg3 Rc7 34. d5 Qa4 35. Rde1 Rf7 36. R5e4 Qa5 37. Rxf4 Qxd5 38. Qxh3 Rxf5 39.
Rfe4 Qf7 40. Re7 Qg6 41. Qg3 Rg5 42. f3 Kh7 43. Kf2 Rf8 44. R7e6 Qf5 45. R6e5 Qxg4 46.
Rxg5 Qxg5 47. Qxg5 hxg5 48. Re7 a5 49. Kg3 Rf5 50. b4 axb4 51. axb4 Rf4 52. Re4 Rxe4 53.
fxe4 Kg6 54. Kf3 Kf6 55. Kg4 Ke5 56. Kxg5 Kxe4 57. Kg6 Kd4 58. Kxg7 Kc4 59. Kf6 Kxb4 60. Ke5 Kc3 0-1

[Event "Late-Titled-Tuesday-Blitz-May-07-2024"]
[Site "Chess.com"]
[Date "2024.05.07"]
[Round "10"]
[White "Oleg_Papayan"]
[Black "ATM622"]
[Result "0-1"]
[WhiteElo "2636"]
[BlackElo "2550"]
[TimeControl "180+1"]
[EndTime "15:56:44 PDT"]
[Termination "ATM622 won on time"]

1. e4 c6 2. Nf3 g6 3. d4 Bg7 4. Nc3 d6 5. h3 Nd7 6. Bg5 h6 7. Bh4 Qb6 8. Qd2 Ngf6 9. e5 dxe5 10. dxe5 Nd5 11. Nxd5 cxd5 12. Qxd5 Qxb2 13. Rd1 Qc3+ 14.
Rd2 O-O 15. e6 Nb6 16. exf7+ Kh7 17. Qd3 Qa1+ 18. Rd1 Qxa2 19. Be2 Bf5 20. Qb3 Qxc2 21. Qxc2 Bxc2 22. Rc1 Bf5 23. Bxe7 Rxf7 24. Bc5 Rc7 25. O-O Bb2 26. Rb1 Bxb1 27. Rxb1 Rxc5 28. Rxb2 Re8 29. Bd3 Rd5 30. Bb1 Re7 31. h4 Nc4 32. Rb4 a5 33.
Rxc4 Rd1+ 34. Kh2 Rxb1 35. Ra4 b6 36. Nd4 Rd7 37. Ne6 Rb4 38. Rxb4 axb4 39. Nf8+ Kg7 40. Nxd7 b3 41. Nxb6 b2 42. Nc4 b1=Q 0-1

[Event "Late-Titled-Tuesday-Blitz-May-07-2024"]
[Site "Chess.com"]
[Date "2024.05.07"]
[Round "10"]
[White "HajiyevKanan"]
[Black "NovakRatko"]
[Result "1-0"]
[WhiteElo "2551"]
[BlackElo "2400"]
[TimeControl "180+1"]
[EndTime "15:56:46 PDT"]
[Termination "HajiyevKanan won on time"]

1. d4 d5 2. Nf3 c5 3. e3 cxd4 4. exd4 Nc6 5. h3 f6 6. Bd3 e5 7. dxe5 fxe5 8. O-O e4 9. Re1 Be7 10. Nc3 exd3 11. Bg5 Bf5 12. cxd3 Qd7 13. b4 d4 14. Na4 O-O-O 15. b5 Nb4 16. Bf4 Bd6 17. Ne5 Qxb5 18.
Rc1+ Kb8 19. Nf7 Bxf4 20. Nxd8 Bxc1 21. Qxc1 Nf6 22. Qf4+ Kc8 23. Nf7 Nxd3 24. Nd6+ Kd7 25. Qxf5+ Kxd6 26. Qxb5 Nxe1 27. Qb4+ Kd5 28. Qxe1 Re8 29.
Qa5+ Ke4 30. Nc5+ Kd5 31. Nxb7+ Kc4 32. Qa4+ Kc3 33. Qa5+ Kc4 34. Nd6+ 1-0

[Event "Late-Titled-Tuesday-Blitz-May-07-2024"]
[Site "Chess.com"]
[Date "2024.05.07"]
[Round "10"]
[White "oskariot"]
[Black "ChessLover0108"]
[Result "0-1"]
[WhiteElo "2774"]
[BlackElo "2960"]
[TimeControl "180+1"]
[EndTime "15:56:47 PDT"]
[Termination "ChessLover0108 won on time"]

1. e4 c5 2. Nf3 d6 3. d4 cxd4 4. Nxd4 Nf6 5. Nc3 a6 6. h4 Nc6 7. Nb3 g6 8. Be2 h5 9. Bg5 Bg7 10. Qd2 Be6 11. O-O-O Rc8 12. f4 Nb4 13. Kb1 Nxe4 14.
Nxe4 Rxc2 15. Qxc2 Nxc2 16. Kxc2 O-O 17. f5 Bxf5 18.
Bd3 d5 19. Nc3 Bxd3+ 20. Rxd3 Qc7 21. Rxd5 Rc8 22. Rd3 b5 23. a3 a5 24. Kd2 b4 25.
axb4 axb4 26. Nd5 Qc2+ 27. Ke3 Qxg2 28. Nxe7+ Kh7 29. Nxc8 Qxh1 30. Nd6 f6 31. Bf4 Qxh4 32. Nc5 g5 33. Be5 Qe1+ 34. Kf3 Qxe5 35. Nd7 g4+ 36. Kf2 Qh2+ 37. Ke3 g3 38. Nf5 g2 0-1

[Event "Late-Titled-Tuesday-Blitz-May-07-2024"]
[Site "Chess.com"]
[Date "2024.05.07"]
[Round "10"]
[White "nindjaxx8"]
[Black "Reyson01"]
[Result "1-0"]
[WhiteElo "2637"]
[BlackElo "2522"]
[TimeControl "180+1"]
[EndTime "15:56:49 PDT"]
[Termination "nindjaxx8 won on time"]

1. d4 Nf6 2. c4 c5 3. e3 cxd4 4. exd4 g6 5. Nc3 Bg7 6. Nf3 O-O 7. Be3 d5 8. Be2 Nc6 9. O-O Bg4 10. h3 Bxf3 11.
Bxf3 dxc4 12. Bxc6 bxc6 13. Qa4 Rb8 14. Rab1 Nd5 15.
Qxc4 Nxe3 16. fxe3 Bh6 17. Rf3 Qd6 18. Rbf1 Qe6 19.
Qxe6 fxe6 20. Rxf8+ Bxf8 21. b3 Bh6 22. Rf3 a5 23.
Kf2 Bg7 24. Na4 e5 25. dxe5 Bxe5 26. Ke2 h5 27. Rf1 Rd8 28. Rc1 Rd6 29. Rc5 Re6 30. Kd3 Bc7 31. Rc2 Rd6+ 32. Ke2 Rf6 33. Nc5 Kf7 34. Na6 Bb6 35. Nb8 Re6 36. Rc3 Bd4 37.
Rd3 Ba7 38. Nd7 Rd6 39. Ne5+ Kf6 40. Rxd6+ exd6 41. Nxc6 Bc5 42. Nxa5 Kg5 43. Nc4 Kh4 44. Kf3 g5 45. a4 g4+ 46. hxg4 hxg4+ 47. Kf4 d5 48. Ne5 Bd6 49. a5 Bxe5+ 50. Kxe5 Kg3 51.
a6 Kxg2 52. a7 Kf3 53. a8=Q 1-0

[Event "Late-Titled-Tuesday-Blitz-May-07-2024"]
[Site "Chess.com"]
[Date "2024.05.07"]
[Round "10"]
[White "Kirill_Klukin"]
[Black "Mikhail_Golubev"]
[Result "1-0"]
[WhiteElo "2819"]
[BlackElo "2609"]
[TimeControl "180+1"]
[EndTime "15:56:51 PDT"]
[Termination "Kirill_Klukin won on time"]

1. Nf3 d6 2. c4 g6 3. Nc3 Bg7 4. g3 e5 5. Bg2 Nc6 6. d3 f5 7.
Rb1 h6 8. Nd5 Nce7 9. Nxe7 Nxe7 10. b4 a6 11. Bb2 O-O 12. h4 f4 13. gxf4 Rxf4 14. e3 Rf8 15. Nd2 c6 16. Ne4 Nf5 17. h5 g5 18. Qe2 d5 19. cxd5 cxd5 20. Nc5 Nh4 21. Bf1 b6 22. Nb3 Bd7 23. Nd2 Bb5 24.
Qg4 Qf6 25. Rh2 Rac8 26. Rc1 Rxc1+ 27. Bxc1 Qc6 28. Qd1 Rc8 29. Nb3 Qc2 30. Bd2 Qxd1+ 31. Kxd1 e4 32. Nc1 Nf3 33. Rh1 Nxd2 34. Kxd2 Bc3+ 35. Kd1 Bb2 36. Nb3 exd3 37. Bh3 Rc7 38. Be6+ 1-0

[Event "Late-Titled-Tuesday-Blitz-May-07-2024"]
[Site "Chess.com"]
[Date "2024.05.07"]
[Round "10"]
[White "GMRafpig"]
[Black "maximnovik"]
[Result "1-0"]
[WhiteElo "2735"]
[BlackElo "2496"]
[TimeControl "180+1"]
[EndTime "15:56:53 PDT"]
[Termination "GMRafpig won by resignation"]

1. c4 Nf6 2. Nc3 c5 3. Nf3 Nc6 4. g3 Nd4 5. Bg2 Nxf3+ 6. Bxf3 d6 7. d4 cxd4 8. Qxd4 g6 9. Bg5 Bg7 10. Nd5 O-O 11. Bxf6 exf6 12. O-O f5 13. Qd2 Be6 14. Rac1 Bxd5 15. Bxd5 Qb6 16. Rc2 Rfe8 17. e3 Re7 18. Rd1 Rd8 19. Kg2 h5 20. h4 Bf6 21. Qc1 a5 22. Rd3 Kg7 23. Rb3 Qa7 24. Rb5 b6 25. Qd2 Qc7 26. Rb3 Qc5 27. Rd3 Rde8 28. Bf3 Re6 29. Rd5 Qc7 30. b3 R8e7 31. Rc1 Be5 32. Rd1 Qb8 33. Rb5 Qc7 34. Qd5 Bf6 35. Qc6 Qxc6 36.
Bxc6 f4 37. Bd5 fxe3 38. Bxe6 Rxe6 39. Re1 Bd4 40. fxe3 Bc5 41. e4 f5 42. Kf3 Kf6 43.
Re2 Re5 44. exf5 Rxf5+ 45. Kg2 g5 46. a3 gxh4 47. b4 axb4 48. axb4 Bd4 49. Rxf5+ Kxf5 50. gxh4 Kg4 51. Re4+ Kf5 52. Rxd4 1-0

[Event "Late-Titled-Tuesday-Blitz-May-07-2024"]
[Site "Chess.com"]
[Date "2024.05.07"]
[Round "10"]
[White "GM_dmitrij"]
[Black "gmcorrales"]
[Result "1-0"]
[WhiteElo "3044"]
[BlackElo "2883"]
[TimeControl "180+1"]
[EndTime "15:56:56 PDT"]
[Termination "GM_dmitrij won on time"]

1. e4 c5 2. Nf3 d6 3. d4 cxd4 4. Qxd4 Nc6 5. Bb5 Bd7 6. Qd3 g6 7. c4 Bg7 8. Nc3 Nf6 9. h3 O-O 10. O-O Nb4 11. Qe2 a6 12. Bxd7 Nxd7 13. Rd1 Rc8 14. Nd4 e6 15. Be3 Nc6 16. Rac1 Nxd4 17.
Bxd4 Bxd4 18. Rxd4 Rc6 19. Rcd1 Qc7 20. a4 Rc8 21. b3 Nc5 22. Qc2 Qb6 23. Rb1 Nxa4 24. Qd2 Nxc3 25. Qxc3 Qc5 26. Qd3 a5 27. Rd1 Rd8 28. Qg3 h5 29. e5 d5 30. Qf3 Re8 31. cxd5 exd5 32. Rxd5 Qc3 33. R1d3 Qa1+ 34. Rd1 Qc3 35.
R5d3 Qxe5 36. Re3 Qb8 37. Rd7 Rf8 38. g3 Rc7 39. Rd5 b5 40. Ree5 Rb7 41. Rxh5 Rb6 42. Rdg5 Qb7 43. Qc3 1-0

[Event "Late-Titled-Tuesday-Blitz-May-07-2024"]
[Site "Chess.com"]
[Date "2024.05.07"]
[Round "10"]
[White "YouShallNotPass001"]
[Black "alexrustemov"]
[Result "0-1"]
[WhiteElo "2489"]
[BlackElo "2893"]
[TimeControl "180+1"]
[EndTime "15:56:57 PDT"]
[Termination "alexrustemov won by checkmate"]

1. e4 e6 2. d4 d5 3. exd5 exd5 4. Nf3 Nc6 5. Bb5 Bd6 6. Bxc6+ bxc6 7. h3 Ba6 8. Be3 Rb8 9. b3 Nf6 10. Nbd2 Bb4 11.
Ne5 Qd6 12. Nd3 Bc3 13. Rc1 Ne4 14. O-O O-O 15. Nb1 Ba5 16. c3 Rfe8 17. b4 Bb6 18. a4 Bxd3 19. Qxd3 a5 20. bxa5 Bxa5 21. c4 Qb4 22. cxd5 cxd5 23. Rc2 Qxa4 24. Rfc1 Qb5 25. Qxb5 Rxb5 26. Nd2 Bxd2 27. Bxd2 Nxd2 28. Rxd2 Rb7 29. Rc5 Rd8 30. Re2 Kf8 31. Re5 Rb4 32. Rexd5 Rxd5 33. Rxd5 Ke7 34. Kf1 Ke6 35. Rc5 Kd6 36. Rf5 f6 37. Rf4 Kd5 38. Rg4 g6 39. Rh4 h5 40.
Rf4 f5 41. Rf3 Kxd4 42. Rg3 Rb6 43. Ke2 c5 44. Kd2 c4 45. Kc2 Ra6 46. Rf3 Ra2+ 47. Kc1 c3 48. Rf4+ Kd3 49. Rf3+ Kc4 50. Kb1 Re2 51.
Kc1 Kb3 52. Kd1 Ra2 53. Kc1 Ra1# 0-1